PBL
LONDON MAJORS @ DETROIT RED WINGS
08/23/2045
 
TOP OF THE 1ST
London Majors batting - Pitching for Detroit Red Wings : RHP Efrain Diaz
Pitching: RHP Efrain Diaz
Batting: RHB Stephen Casteel 0-0: Called Strike
0-1: Ball
1-1: Foul Ball, location: 2F
1-2: SINGLE (Flyball, 3D, EV 95.6 MPH)
Batting: RHB Dustin Bargman 0-0: Ball
1-0: Fielders Choice at 2nd, 4-6 (Groundball, 34, EV 108.1 MPH)
Batting: LHB Kurt Estep 0-0: Ball
Dustin Bargman steals 2nd base
1-0: Ball
2-0: Called Strike
2-1: Foul Ball, location: 2F
2-2: Foul Ball, location: 2F
2-2: 2-RUN HOME RUN (Flyball, 9D, EV 99.4 MPH), Distance : 387 ft
Batting: RHB Luis Gomez 0-0: Ball
1-0: Foul Ball, location: 2F
1-1: Ball
2-1: Ball
3-1: SINGLE (Groundball, 6MD, EV 96.2 MPH)
Batting: LHB Eric Toney 0-0: Called Strike
Luis Gomez steals 2nd base
0-1: Called Strike
Luis Gomez steals 3rd, throwing error, E2
Luis Gomez scores
0-2: Ground out 3-1 (Groundball, 34, EV 105.6 MPH)
Batting: RHB Shunsuke Shiba Inu 0-0: Called Strike
0-1: Swinging Strike
0-2: Ball
1-2: Ball
2-2: SINGLE (Line Drive, 9S, EV 91.9 MPH)
Batting: SHB Dominik Hasek II 0-0: Called Strike
Shunsuke Shiba Inu steals 2nd base
0-1: Foul Ball, location: 2F
0-2: SINGLE (Groundball, 25, EV 70.0 MPH) (infield hit)
Shunsuke Shiba Inu to third
Batting: RHB Terry Plumley 0-0: Ball
1-0: Called Strike
Dominik Hasek II steals 2nd base (no throw)
1-1: Fly out, F7 (Flyball, 7S, EV 93.1 MPH)
Top of the 1st over - 3 runs, 5 hits, 1 error, 2 left on base; London 3 - Detroit 0
BOTTOM OF THE 1ST
Detroit Red Wings batting - Pitching for London Majors : RHP Gu Won
Pitching: RHP Gu Won
Batting: RHB Jose Evangelista 0-0: Ball
1-0: Ball
2-0: Ball
3-0: Called Strike
3-1: Called Strike
3-2: Foul Ball, location: 2F
3-2: Base on Balls
Batting: SHB Willie Medina 0-0: Ball
1-0: Called Strike
1-1: Fly out, F3 (Popup, 34S, EV 83.8 MPH)
Batting: RHB Tony Nunez 0-0: SINGLE (Line Drive, 8LS, EV 106.9 MPH)
Jose Evangelista to second
Runner from 2nd tries for 3rd, SAFE, throw by CF made to third
Batting: LHB Glen Boyle 0-0: Ball
1-0: Called Strike
1-1: Foul Ball, location: 2F
1-2: Ball
2-2: Foul Ball, location: 2F
2-2: Foul Ball, location: 2F
2-2: Ball
3-2: Strikes out swinging
Batting: SHB Chris Wagler 0-0: Foul Ball, location: 2F
0-1: SINGLE (Flyball, 56D, EV 84.4 MPH)
Jose Evangelista scores
Tony Nunez to second
Batting: RHB Brandon Everett 0-0: Called Strike
0-1: Ball
1-1: Fielders Choice at 2nd, 5-4 (Groundball, 56D, EV 100.0 MPH)
Bottom of the 1st over - 1 run, 2 hits, 0 errors, 2 left on base; London 3 - Detroit 1
TOP OF THE 2ND
London Majors batting - Pitching for Detroit Red Wings : RHP Efrain Diaz
Batting: RHB Dan Muns 0-0: DOUBLE (Line Drive, 89D, EV 109.4 MPH)
Batting: RHB Stephen Casteel 0-0: Ball
1-0: Called Strike
1-1: Foul Ball, location: 2F
1-2: Foul Ball, location: 2F
1-2: Ball
2-2: Foul Ball, location: 2F
2-2: DOUBLE (Line Drive, 8LXD, EV 102.5 MPH)
Dan Muns scores
Batting: RHB Dustin Bargman 0-0: Ball
1-0: Ball
2-0: Ball
3-0: Called Strike
3-1: SINGLE (Line Drive, 6D, EV 100.0 MPH)
Stephen Casteel to third
Batting: LHB Kurt Estep 0-0: Ball
1-0: Called Strike
1-1: Foul Ball, location: 2F
1-2: DOUBLE (Line Drive, 7LS, EV 92.5 MPH)
Stephen Casteel scores
Dustin Bargman to third
Batting: RHB Luis Gomez 0-0: Called Strike
0-1: Ball
1-1: Foul Ball, location: 2F
1-2: Ball
2-2: Fly out, F9 (Flyball, 9D, EV 91.2 MPH)
Runner from 3rd tags up, SCORES, no throw by RF
Batting: LHB Eric Toney 0-0: Fly out, F7 (Flyball, 78S, EV 78.8 MPH)
Batting: RHB Shunsuke Shiba Inu 0-0: Called Strike
0-1: Ground out 5-3 (Groundball, 5S, EV 81.2 MPH)
Top of the 2nd over - 3 runs, 4 hits, 0 errors, 1 left on base; London 6 - Detroit 1
BOTTOM OF THE 2ND
Detroit Red Wings batting - Pitching for London Majors : RHP Gu Won
Batting: RHB Kevin Steed 0-0: Called Strike
0-1: Foul Ball, location: 2F
0-2: Fly out, F7 (Flyball, 7LM, EV 86.2 MPH)
Batting: RHB Ernst Meloche 0-0: Ball
1-0: Ball
2-0: Called Strike
2-1: Called Strike
2-2: Foul Ball, location: 2F
2-2: Foul Ball, location: 2F
2-2: Ball
3-2: Foul Ball, location: 2F
3-2: Base on Balls
Batting: RHB Nate Dabney 0-0: Called Strike
0-1: Ball
1-1: Ball
2-1: Foul Ball, location: 2F
2-2: Fly out, F9 (Flyball, 9LM, EV 91.2 MPH)
Batting: RHB Jose Evangelista 0-0: Ball
1-0: Ball
2-0: Ball
3-0: Base on Balls
Ernst Meloche to second
Batting: SHB Willie Medina 0-0: Swinging Strike
0-1: Foul Ball, location: 2F
0-2: Fly out, F7 (Flyball, 7LS, EV 93.8 MPH)
Bottom of the 2nd over - 0 runs, 0 hits, 0 errors, 2 left on base; London 6 - Detroit 1
TOP OF THE 3RD
London Majors batting - Pitching for Detroit Red Wings : RHP Efrain Diaz
Batting: SHB Dominik Hasek II 0-0: Called Strike
0-1: Called Strike
0-2: Ground out U3 (Groundball, 3, EV 85.6 MPH)
Batting: RHB Terry Plumley 0-0: Called Strike
0-1: Ball
1-1: Foul Ball, location: 2F
1-2: Foul Ball, location: 2F
1-2: Strikes out swinging
Batting: RHB Dan Muns 0-0: Ball
1-0: Fly out, F7 (Flyball, 7LS, EV 83.1 MPH)
Top of the 3rd over - 0 runs, 0 hits, 0 errors, 0 left on base; London 6 - Detroit 1
BOTTOM OF THE 3RD
Detroit Red Wings batting - Pitching for London Majors : RHP Gu Won
Batting: RHB Tony Nunez 0-0: Ball
1-0: Fly out, F9 (Line Drive, 9, EV 95.6 MPH)
Batting: LHB Glen Boyle 0-0: Ball
1-0: Called Strike
1-1: Swinging Strike
1-2: Foul Ball, location: 2F
1-2: Foul Ball, location: 2F
1-2: Strikes out swinging
Batting: SHB Chris Wagler 0-0: Ball
1-0: Called Strike
1-1: Fly out, F3 (Line Drive, 3, EV 65.0 MPH)
Bottom of the 3rd over - 0 runs, 0 hits, 0 errors, 0 left on base; London 6 - Detroit 1
TOP OF THE 4TH
London Majors batting - Pitching for Detroit Red Wings : RHP Efrain Diaz
Batting: RHB Stephen Casteel 0-0: Ball
1-0: Called Strike
1-1: Swinging Strike
1-2: Ball
2-2: Single, Error in OF, E8, batter to second base (Groundball, 6D, EV 96.2 MPH)
Batting: RHB Dustin Bargman 0-0: Called Strike
Stephen Casteel steals 3rd base (no throw)
0-1: Ball
1-1: Ball
2-1: Ball
3-1: Ground out 4-3 (Groundball, 4, EV 86.9 MPH)
Stephen Casteel scores
Batting: LHB Kurt Estep 0-0: Ball
1-0: Foul Ball, location: 2F
1-1: Ball
2-1: Foul Ball, location: 2F
2-2: Foul Ball, location: 2F
2-2: Foul Ball, location: 2F
2-2: Strikes out swinging
Batting: RHB Luis Gomez 0-0: Fly out, F9 (Flyball, 9, EV 85.0 MPH)
Top of the 4th over - 1 run, 1 hit, 1 error, 0 left on base; London 7 - Detroit 1
BOTTOM OF THE 4TH
Detroit Red Wings batting - Pitching for London Majors : RHP Gu Won
Batting: RHB Brandon Everett 0-0: SINGLE (Line Drive, 34D, EV 106.2 MPH)
Batting: RHB Kevin Steed Pickoff Throw to First - Out! 1-3
0-0: Fly out, F8 (Flyball, 8RD, EV 96.9 MPH)
Batting: RHB Ernst Meloche 0-0: Ball
1-0: Ball
2-0: Ball
3-0: Called Strike
3-1: SINGLE (Groundball, 56D, EV 98.1 MPH)
Batting: RHB Nate Dabney 0-0: Hit by Pitch
Ernst Meloche to second
Batting: RHB Jose Evangelista 0-0: Foul Ball, location: 2F
0-1: Ball
1-1: Foul Ball, location: 2F
1-2: Fly out, F4 (Line Drive, 4, EV 73.1 MPH)
Bottom of the 4th over - 0 runs, 2 hits, 0 errors, 2 left on base; London 7 - Detroit 1
TOP OF THE 5TH
London Majors batting - Pitching for Detroit Red Wings : RHP Efrain Diaz
Batting: LHB Eric Toney 0-0: Ball
1-0: DOUBLE (Line Drive, 3D, EV 101.2 MPH)
Batting: RHB Shunsuke Shiba Inu 0-0: Called Strike
0-1: Ground out 5-3 (Groundball, 5, EV 100.6 MPH)
Batting: SHB Dominik Hasek II 0-0: SINGLE (Groundball, 3D, EV 107.5 MPH)
Eric Toney to third
Runner from 3rd tries for Home, SAFE, throw by RF to home
Pitching: RHP Leon Benitez
Batting: RHB Terry Plumley 0-0: Ball
1-0: Ball
Dominik Hasek II steals 2nd base
2-0: Called Strike
2-1: Foul Ball, location: 2F
2-2: Strikes out looking
Batting: RHB Dan Muns 0-0: Ball
1-0: Foul Ball, location: 2F
1-1: Ball
2-1: Called Strike
2-2: SINGLE (Line Drive, 34D, EV 97.5 MPH)
Dominik Hasek II to third
Batting: RHB Stephen Casteel 0-0: Ball
1-0: Fielders Choice at 2nd, 6-4 (Groundball, 56, EV 100.6 MPH)
Top of the 5th over - 1 run, 3 hits, 0 errors, 2 left on base; London 8 - Detroit 1
BOTTOM OF THE 5TH
Detroit Red Wings batting - Pitching for London Majors : RHP Gu Won
Batting: SHB Willie Medina 0-0: Ball
1-0: Ball
2-0: Foul Ball, location: 2F
2-1: Ball
3-1: Called Strike
3-2: DOUBLE (Flyball, 8LXD, EV 108.1 MPH)
Batting: RHB Tony Nunez 0-0: Ball
1-0: Ball
2-0: Foul Ball, location: 2F
2-1: Fly out, F8 (Flyball, 8LS, EV 86.2 MPH)
Batting: LHB Glen Boyle 0-0: Ball
1-0: Ball
2-0: Foul Ball, location: 2F
2-1: Ball
3-1: Foul Ball, location: 2F
3-2: Base on Balls
Batting: SHB Chris Wagler 0-0: Swinging Strike
0-1: Foul Ball, location: 2F
0-2: Grounds into double play, 6-4-3 (Groundball, 56, EV 104.4 MPH)
Bottom of the 5th over - 0 runs, 1 hit, 0 errors, 1 left on base; London 8 - Detroit 1
TOP OF THE 6TH
London Majors batting - Pitching for Detroit Red Wings : RHP Leon Benitez
Batting: RHB Dustin Bargman 0-0: SINGLE (Groundball, 5S, EV 65.0 MPH) (infield hit)
Batting: LHB Kurt Estep 0-0: Ball
1-0: Swinging Strike
1-1: Ball
Dustin Bargman steals 2nd base
2-1: Called Strike
2-2: Foul Ball, location: 2F
2-2: Ball
3-2: Fly out, F9 (Flyball, 9, EV 89.4 MPH)
Batting: RHB Luis Gomez 0-0: Foul Ball, location: 2F
0-1: SINGLE (Groundball, 6S, EV 70.6 MPH) (infield hit)
Dustin Bargman to third
Batting: LHB Eric Toney 0-0: Foul Ball, location: 2F
0-1: SINGLE (Line Drive, 7S, EV 98.1 MPH)
Dustin Bargman scores
Luis Gomez to second
Batting: RHB Shunsuke Shiba Inu 0-0: Ball
1-0: Ball
2-0: Foul Ball, location: 2F
2-1: Ball
3-1: Base on Balls
Luis Gomez to third
Eric Toney to second
Batting: SHB Dominik Hasek II 0-0: Foul Ball, location: 2F
0-1: Foul Ball, location: 2F
0-2: Ball
1-2: Strikes out swinging
Batting: RHB Terry Plumley 0-0: Ball
1-0: SINGLE (Flyball, 5D, EV 90.6 MPH)
Luis Gomez scores
Eric Toney to third
Shunsuke Shiba Inu to second
Runner from 3rd tries for Home, SAFE, throw by LF to home
Pitching: LHP Estêvão Cavadas
Batting: RHB Dan Muns 0-0: Foul Ball, location: 2F
0-1: Ball
1-1: Ball
2-1: Foul Ball, location: 2F
2-2: Ball
3-2: Ground out 5-3 (Groundball, 56, EV 83.1 MPH)
Top of the 6th over - 3 runs, 4 hits, 0 errors, 2 left on base; London 11 - Detroit 1
BOTTOM OF THE 6TH
Detroit Red Wings batting - Pitching for London Majors : RHP Gu Won
Batting: RHB Brandon Everett 0-0: Called Strike
0-1: Ball
1-1: DOUBLE (Line Drive, 7LM, EV 105.0 MPH)
Batting: RHB Kevin Steed 0-0: Ground out 6-3 (Groundball, 6, EV 85.0 MPH)
Batting: RHB Ernst Meloche 0-0: Foul Ball, location: 2F
0-1: Ball
1-1: Swinging Strike
1-2: Ball
2-2: Foul Ball, location: 2F
2-2: Ball
3-2: Base on Balls
Batting: RHB Nate Dabney 0-0: Called Strike
0-1: Ball
1-1: Foul Ball, location: 2F
1-2: Fly out, F4 (Popup, 4S, EV 61.2 MPH)
Batting: RHB Jose Evangelista 0-0: Ball
1-0: Foul Ball, location: 2F
1-1: Foul Ball, location: 2F
1-2: Ball
2-2: Ball
3-2: Ground out 5-3 (Groundball, 56, EV 80.6 MPH)
Bottom of the 6th over - 0 runs, 1 hit, 0 errors, 2 left on base; London 11 - Detroit 1
TOP OF THE 7TH
London Majors batting - Pitching for Detroit Red Wings : LHP Estêvão Cavadas
Pinch Hitting: RHB Mark Noftall 0-0: Foul Ball, location: 2F
0-1: Ball
1-1: Called Strike
1-2: Strikes out swinging
Pinch Hitting: RHB Chad Colyer 0-0: Swinging Strike
0-1: Called Strike
0-2: Ball
1-2: Foul Ball, location: 2F
1-2: Foul Ball, location: 2F
1-2: Strikes out swinging
Pinch Hitting: RHB Mike Chamberlain 0-0: Ball
1-0: Foul Ball, location: 2F
1-1: Ball
2-1: Fly out, F4 (Flyball, 4D, EV 86.2 MPH)
Top of the 7th over - 0 runs, 0 hits, 0 errors, 0 left on base; London 11 - Detroit 1
BOTTOM OF THE 7TH
Detroit Red Wings batting - Pitching for London Majors : RHP Gu Won
Pitching: LHP Bryan Reynolds
Now at 3B: Mike Chamberlain
Now at SS: Bobby Roldan
Now in RF: Zach Hillard
Pinch Hitting: LHB Isao Fukui 0-0: Ball
1-0: Swinging Strike
1-1: Called Strike
1-2: Strikes out swinging
Batting: RHB Tony Nunez 0-0: Swinging Strike
0-1: Foul Ball, location: 2F
0-2: Strikes out swinging
Batting: LHB Glen Boyle 0-0: Ball
1-0: Fly out, F8 (Flyball, 8RM, EV 85.6 MPH)
Bottom of the 7th over - 0 runs, 0 hits, 0 errors, 0 left on base; London 11 - Detroit 1
TOP OF THE 8TH
London Majors batting - Pitching for Detroit Red Wings : LHP Estêvão Cavadas
Now in CF: Isao Fukui
Batting: RHB Luis Gomez 0-0: Ball
1-0: Ball
2-0: Ball
3-0: Base on Balls
Batting: LHB Eric Toney 0-0: Ball
1-0: Foul Ball, location: 2F
1-1: Ball
2-1: Ball
3-1: Foul Ball, location: 2F
3-2: Base on Balls
Luis Gomez to second
Batting: RHB Shunsuke Shiba Inu 0-0: Swinging Strike
0-1: Foul Ball, location: 2F
0-2: Ball
1-2: Strikes out swinging
Pitching: LHP Jean-Luc Legros
Batting: SHB Dominik Hasek II 0-0: Ball
1-0: Called Strike
1-1: Ball
2-1: Ball
Balk!
Luis Gomez to third
Eric Toney to second
3-1: Called Strike
3-2: Foul Ball, location: 2F
3-2: Foul Ball, location: 2F
3-2: Base on Balls
Batting: RHB Terry Plumley 0-0: Swinging Strike
0-1: Ball
1-1: Called Strike
1-2: DOUBLE (Line Drive, 5D, EV 105.6 MPH)
Luis Gomez scores
Eric Toney scores
Dominik Hasek II to third
Runner from 3rd tries for Home, throw by LF and OUT! 7-6-2
Batting: RHB Dan Muns 0-0: Foul Ball, location: 2F
0-1: Ball
1-1: Ball
2-1: Ball
3-1: DOUBLE (Line Drive, 7LS, EV 89.4 MPH)
Terry Plumley scores
Batting: SHB Zach Hillard 0-0: Foul Ball, location: 2F
0-1: Ball
Wild Pitch!
Dan Muns to third
1-1: Ball
2-1: Foul Ball, location: 2F
2-2: Strikes out swinging
Top of the 8th over - 3 runs, 2 hits, 0 errors, 1 left on base; London 14 - Detroit 1
BOTTOM OF THE 8TH
Detroit Red Wings batting - Pitching for London Majors : LHP Bryan Reynolds
Batting: SHB Chris Wagler 0-0: Called Strike
0-1: Ball
1-1: Ground out 4-3 (Groundball, 4, EV 83.1 MPH)
Batting: RHB Brandon Everett 0-0: Swinging Strike
0-1: Called Strike
0-2: Strikes out swinging
Batting: RHB Kevin Steed 0-0: Swinging Strike
0-1: Foul Ball, location: 2F
0-2: Strikes out swinging
Bottom of the 8th over - 0 runs, 0 hits, 0 errors, 0 left on base; London 14 - Detroit 1
TOP OF THE 9TH
London Majors batting - Pitching for Detroit Red Wings : LHP Jean-Luc Legros
Batting: RHB Bobby Roldan 0-0: Ball
1-0: Ball
2-0: Ball
3-0: Base on Balls
Batting: RHB Mike Chamberlain 0-0: Ball
1-0: Foul Ball, location: 2F
1-1: Swinging Strike
1-2: Strikes out swinging
Batting: RHB Luis Gomez 0-0: 2-RUN HOME RUN (Flyball, 7D, EV 108.1 MPH), Distance : 393 ft
Batting: LHB Eric Toney 0-0: Ball
1-0: Fly out, F8 (Flyball, 8LS, EV 93.8 MPH)
Batting: RHB Shunsuke Shiba Inu 0-0: Ball
1-0: Fly out, F8 (Flyball, 8LD, EV 89.4 MPH)
Top of the 9th over - 2 runs, 1 hit, 0 errors, 0 left on base; London 16 - Detroit 1
BOTTOM OF THE 9TH
Detroit Red Wings batting - Pitching for London Majors : LHP Bryan Reynolds
Batting: RHB Ernst Meloche 0-0: Foul Ball, location: 2F
0-1: Ball
1-1: Swinging Strike
1-2: Ball
2-2: Ball
3-2: Strikes out swinging
Batting: RHB Nate Dabney 0-0: Called Strike
0-1: Ball
1-1: Foul Ball, location: 2F
1-2: Foul Ball, location: 2F
1-2: Ball
2-2: Ball
3-2: Base on Balls
Batting: RHB Jose Evangelista 0-0: Ball
1-0: Ball
2-0: SINGLE (Flyball, 4MD, EV 89.4 MPH)
Nate Dabney to second
Batting: LHB Isao Fukui 0-0: Ball
1-0: Ball
2-0: Called Strike
2-1: Called Strike
2-2: Strikes out swinging
Batting: RHB Tony Nunez 0-0: DOUBLE (Groundball, 3L, EV 94.4 MPH)
Nate Dabney scores
Jose Evangelista to third
Pinch Hitting: RHB Khalil Coleman 0-0: Called Strike
0-1: Ball
Wild Pitch!
Jose Evangelista scores
Tony Nunez to third
1-1: Ground out 1-3 (Groundball, P, EV 66.2 MPH)
Bottom of the 9th over - 2 runs, 2 hits, 0 errors, 1 left on base; London 16 - Detroit 3
Wednesday, June 22nd , 2022 - OOTP Baseball 23.4 Build 64